 Dungeon Crawl Stone Soup version 0.31-a0-662-g684573625c (webtiles) character file.

Game seed: 5220249539547727576

58 Ge0ff the Cutter (level 3, -1/21 HPs)
             Began as a Deep Elf Warper on Sept 1, 2023.
             Slain by Sigmund
             ... wielding a +0 scythe
              (9 damage)
             ... on level 2 of the Dungeon.
             The game lasted 00:02:42 (1191 turns).

Ge0ff the Cutter (Deep Elf Warper)                  Turns: 1191, Time: 00:02:42

Health: -1/21      AC:  5    Str:  8    XL:     3   Next: 76%
Magic:  9/9        EV: 10    Int: 19    God:
Gold:   74         SH:  0    Dex: 14    Spells: 6/8 levels left

rFire   . . .        a - +1 long sword (freeze)
rCold   . . .        (no shield)
rNeg    . . .        J - +0 ring mail
rPois   .            (no helmet)
rElec   .            (no cloak)
rCorr   .            (no gloves)
SInv    .            (no boots)
Will    .....        (no amulet)
Stlth   +            (no ring)
HPRegen 0.23/turn    (no ring)
MPRegen 0.11/turn

%: no passive effects
@: no status effects
A: no striking features
a: no special abilities


You were on level 2 of the Dungeon.
You visited 1 branch of the dungeon, and saw 2 of its levels.

You collected 74 gold pieces.

Inventory:

Hand Weapons
 a - a +1 long sword of freezing (weapon)
 b - a +0 short sword
Missiles
 d - 7 darts of dispersal
 C - 36 stones (quivered)
 E - 6 atropa-tipped darts
Armour
 J - a +0 ring mail (worn)
 M - a +0 leather armour
Scrolls
 B - a scroll of blinking
 G - a scroll of amnesia
 I - a scroll of enchant armour {unknown}
 K - a scroll of identify {unknown}
 L - a scroll of torment {unknown}
Potions
 H - a potion of curing {unknown}


   Skills:
 - Level 2.0 Fighting
 * Level 3.7 Short Blades
 - Level 1.0 Throwing
 - Level 1.0 Armour
 - Level 2.4 Dodging
 - Level 1.0 Stealth
 - Level 3.0 Spellcasting
 - Level 3.2 Translocations


You had 6 spell levels left.
You knew the following spells:

 Your Spells              Type           Power      Damage    Failure   Level
B - Blink                 Tloc           30%        N/A       19%         2

Your spell library contained the following spells:

 Spells                   Type           Power      Damage    Failure   Level
 Lesser Beckoning         Tloc           30%        N/A       19%         2
 Teleport Other           Tloc           15%        N/A       36%         3
 Sting                    Tmut/Pois      8%         1d3       43%         1
 Poisonous Vapours        Pois/Air       4%         N/A       56%         2
 Manifold Assault         Tloc           15%        N/A       77%         4
 Vhi's Electric Charge    Tloc/Air       18%        N/A       94%         4
 Olgreb's Toxic Radiance  Pois           2%         N/A       99%         4


Dungeon Overview and Level Annotations

Branches:
Dungeon (2/15) Zot: 10823

Altars:

Annotations:
D:2 Sigmund


Message History

a - a +0 short sword Adjust to which letter? (? for menu, Esc to quit)
b - a +0 short sword
a - a +1 long sword of freezing (weapon)
A ball python comes into view.
Found a stone staircase leading down.
The ball python hisses angrily.
You slash the ball python!
The ball python seems to slow down.
You freeze the ball python.
You kill the ball python!
It was a potion of heal wounds.
You feel much better.
W - 2 potions of heal wounds Sigmund casts a spell at you.
The puff of flame misses you. Sigmund closely misses you.
You hit Sigmund. You freeze Sigmund.
Sigmund is lightly wounded.
Sigmund hits you with a +0 scythe.
You slash Sigmund! You freeze Sigmund.
Sigmund is heavily wounded.
Sigmund barely misses you.
You barely miss Sigmund.
Sigmund is heavily wounded.
Sigmund hits you with a +0 scythe.
You closely miss Sigmund.
Sigmund is heavily wounded.
You barely miss Sigmund.
Sigmund is heavily wounded.
Sigmund misses you.
You closely miss Sigmund.
Sigmund is heavily wounded.
Sigmund's eyes start glowing with a red light.
Sigmund hits you but does no damage.
You hit Sigmund. You freeze Sigmund.
Sigmund is severely wounded.
Sigmund hits you with a +0 scythe!
* * * LOW HITPOINT WARNING * * *
You feel much better.
Sigmund casts a spell.
Sigmund flickers and vanishes!
Deactivating autopickup; reactivate with Ctrl-A.
You closely miss something. Something hits you!
Ouch! That really hurt!
You barely miss something. Your punch misses something. Something hits you.
* * * LOW HITPOINT WARNING * * *
You feel much better.
You barely miss something. Something hits you!
You hit something. You freeze something. Something hits you.
You closely miss something. Something hits you!
You die...

.........#...........#
.>...................#
................<....#
...........#.........# #
.......#.............##..
..........###..........#
.......#.###†........##
....:...........>.....#
#..#####@.......#....##
#{......##..###
.............†###
..........###.#<.#
#......[......)..#
#......##....^.###..#
................ ##..
.........#....... #
..........


There were no monsters in sight!

Vanquished Creatures
  An adder (D:2)
  4 dart slugs (D:1)
  2 bats (D:1)
  4 endoplasms (D:1)
  2 goblins (D:1)
  3 hobgoblins
  9 jackals (D:1)
  3 quokkas
  2 ball pythons
  A frilled lizard (D:1)
  4 kobolds
  A rat (D:1)
36 creatures vanquished.

Notes
Turn   | Place    | Note
-------+----------+-------------------------------------------
     0 | D:1      | Ge0ff the Deep Elf Warper began the quest for the Orb.
     0 | D:1      | Reached XP level 1. HP: 12/12 MP: 6/6
     6 | D:1      | Noticed a rime drake
     6 | D:1      | Noticed a lindwurm
     6 | D:1      | Noticed an anaconda
     7 | D:1      | Noticed a black bear
    80 | D:1      | Reached skill level 1 in Stealth
   141 | D:1      | Reached XP level 2. HP: 11/17 MP: 8/8
   173 | D:1      | Learned a level 2 spell: Blink
   563 | D:1      | Reached XP level 3. HP: 15/21 MP: 9/9
  1082 | D:2      | Reached skill level 1 in Armour
  1169 | D:2      | Noticed Sigmund
  1191 | D:2      | Slain by Sigmund

Illustrated notes

Levels and vault maps discovered:
D:1:      onia_arrival_zoo_common, layout_loops_ring,
          chequers_serial_rivers_micro_e, minmay_split_cup_large
D:2:      layout_rooms, ebering_ecumenical_altar_box, serial_shops, shop,
          basic_altar, nicolae_houndstooth_variations, uniq_sigmund

Skill      XL: |  1  2  3 |
---------------+----------+-----
Stealth        | 1 |  1.0
Short Blades   | 3 |  3.7
Fighting       | 2 |  2.0
Armour         | 1 |  1.0
Throwing       | |  1.0
Dodging        | |  2.4
Spellcasting   | |  3.0
Translocations | |  3.2

Action                     || total
---------------------------++-------
  Melee: Short sword       ||   157
         Punch             ||     2
         Long sword        ||    27
    Use: Potion            ||     3
         Scroll            ||     2
   Stab: Sleeping          ||     2
 Armour: Leather armour    ||    45
         Ring mail         ||    43
  Dodge: Dodged            ||    91

Table legend: (Time is in decaauts)
 A = Elapsed time spent in this place.
 B = Non-inter-level travel time spent in this place.
 C = Inter-level travel time spent in this place.
 D = Time resting spent in this place.
 E = Time spent auto-exploring this place.
 F = Levels seen in this place.
 G = Mean time per level.
                   A        B        C        D        E       F      G
               +--------+--------+--------+--------+--------+-----+--------+
         Total |   1175 |   1136 |     39 |     22 |    753 |   2 |  587.5 |
       Dungeon |   1175 |   1136 |     39 |     22 |    753 |   2 |  587.5 |
               +--------+--------+--------+--------+--------+-----+--------+

Top non-repeatable levels by time:
     D:1: 1046 daAuts
     D:2: 129 daAuts
